MID
HAGERSTOWN SUNS @ GREENSBORO GRASSHOPPERS
07/24/2044
 
TOP OF THE 1ST
Hagerstown Suns batting - Pitching for Greensboro Grasshoppers : RHP Marco Quezada
Pitching: RHP Marco Quezada
Batting: RHB Pat Drader 0-0: Called Strike
0-1: SINGLE (Groundball, 4S, EV 70.0 MPH) (infield hit)
Batting: LHB Ben Montgomery 0-0: Ball
1-0: Ball
2-0: Fielders Choice at 2nd, 4-6 (Groundball, 4, EV 81.9 MPH)
Batting: RHB Kevin Wick 0-0: Ball
Ben Montgomery is caught stealing 2nd base 2-4
1-0: Fly out, F8 (Flyball, 8RM, EV 92.5 MPH)
Top of the 1st over - 0 runs, 1 hit, 0 errors, 0 left on base; Hagerstown 0 - Greensboro 0
BOTTOM OF THE 1ST
Greensboro Grasshoppers batting - Pitching for Hagerstown Suns : RHP Luis Cruz
Pitching: RHP Luis Cruz
Batting: RHB Tom Thompson 0-0: Called Strike
0-1: Ball
1-1: Ground out 3-1 (Groundball, 34S, EV 87.5 MPH)
Batting: RHB Torquato Obawole 0-0: Ball
1-0: Ball
2-0: Called Strike
2-1: Ground out 6-3 (Groundball, 56, EV 85.6 MPH)
Batting: RHB Isaiah Brockman 0-0: Called Strike
0-1: Ball
1-1: Swinging Strike
1-2: Foul Ball, location: 2F
1-2: Ball
2-2: Foul Ball, location: 2F
2-2: Ground out 6-3 (Groundball, 6M, EV 81.9 MPH)
Bottom of the 1st over - 0 runs, 0 hits, 0 errors, 0 left on base; Hagerstown 0 - Greensboro 0
TOP OF THE 2ND
Hagerstown Suns batting - Pitching for Greensboro Grasshoppers : RHP Marco Quezada
Batting: RHB Justin Slifka 0-0: Ball
1-0: Called Strike
1-1: DOUBLE (Flyball, 89D, EV 100.0 MPH)
Batting: RHB Jon Metzler 0-0: Ball
1-0: Ball
2-0: SINGLE (Groundball, 4MD, EV 106.2 MPH)
Justin Slifka to third
Batting: RHB Jeff Page 0-0: Ball
1-0: Foul Ball, location: 2F
1-1: Ball
Jon Metzler steals 2nd base
2-1: Ground out 4-3 (Groundball, 4, EV 104.4 MPH)
Justin Slifka scores
Jon Metzler to third
Batting: LHB Rich Hannus 0-0: Ball
1-0: Ball
2-0: Called Strike
2-1: Ground out 4-3 (Groundball, 4, EV 102.5 MPH)
Jon Metzler scores
Batting: RHB Tony Madrigal 0-0: Ball
1-0: Swinging Strike
1-1: Swinging Strike
1-2: Foul Ball, location: 2F
1-2: Ball
2-2: Strikes out looking
Top of the 2nd over - 2 runs, 2 hits, 0 errors, 0 left on base; Hagerstown 2 - Greensboro 0
BOTTOM OF THE 2ND
Greensboro Grasshoppers batting - Pitching for Hagerstown Suns : RHP Luis Cruz
Batting: RHB Jake Shelton 0-0: Swinging Strike
0-1: Ball
1-1: Foul Ball, location: 2F
1-2: SOLO HOME RUN (Flyball, 78XD, EV 101.9 MPH), Distance : 423 ft
Batting: RHB Jordan Arcidez 0-0: SINGLE (Line Drive, 34D, EV 101.9 MPH)
Batting: RHB Bob Raine 0-0: Called Strike
0-1: Swinging Strike
0-2: Fielders Choice at 2nd, 4-6 (Groundball, 13, EV 83.1 MPH)
Batting: RHB Masumitsu Sugiura 0-0: Called Strike
0-1: Ball
1-1: Ball
2-1: Ball
3-1: SINGLE (Flyball, 8LS, EV 90.0 MPH)
Bob Raine to second
Batting: RHB Wei-guo Tsu 0-0: Ball
1-0: SINGLE (Groundball, 3D, EV 105.0 MPH)
Bob Raine to third
Masumitsu Sugiura to second
Batting: LHB Juan Zuniga 0-0: SINGLE (Groundball, 34D, EV 94.4 MPH)
Bob Raine scores
Masumitsu Sugiura to third
Wei-guo Tsu to second
Runner from 3rd tries for Home, throw by RF and OUT! 9-2
Batting: RHB Tom Thompson 0-0: Ground out 3-1 (Groundball, 34, EV 100.0 MPH)
Bottom of the 2nd over - 2 runs, 5 hits, 0 errors, 2 left on base; Hagerstown 2 - Greensboro 2
TOP OF THE 3RD
Hagerstown Suns batting - Pitching for Greensboro Grasshoppers : RHP Marco Quezada
Batting: RHB Bobby Dieter 0-0: Ball
1-0: Ball
2-0: Called Strike
2-1: Ball
3-1: Swinging Strike
3-2: Strikes out swinging
Batting: RHB Pat Drader 0-0: Swinging Strike
0-1: Foul Ball, location: 2F
0-2: Foul Ball, location: 2F
0-2: Foul Ball, location: 2F
0-2: Ball
1-2: SOLO HOME RUN (Flyball, 7LD, EV 91.2 MPH), Distance : 356 ft
Batting: LHB Ben Montgomery 0-0: Ground out U3 (Groundball, 34S, EV 64.4 MPH)
Batting: RHB Kevin Wick 0-0: Ball
1-0: Called Strike
1-1: Ball
2-1: Called Strike
2-2: Foul Ball, location: 2F
2-2: Ball
3-2: Strikes out swinging
Top of the 3rd over - 1 run, 1 hit, 0 errors, 0 left on base; Hagerstown 3 - Greensboro 2
BOTTOM OF THE 3RD
Greensboro Grasshoppers batting - Pitching for Hagerstown Suns : RHP Luis Cruz
Batting: RHB Torquato Obawole 0-0: Swinging Strike
0-1: Ball
1-1: Ball
2-1: Ball
3-1: Base on Balls
Batting: RHB Isaiah Brockman 0-0: Called Strike
Torquato Obawole steals 2nd base
0-1: Ball
1-1: Foul Ball, location: 2F
1-2: Reached on error, E4 (Groundball, 4, EV 109.4 MPH)
Torquato Obawole to third
Batting: RHB Jake Shelton 0-0: Called Strike
0-1: Ball
1-1: SINGLE (Groundball, 56D, EV 103.1 MPH)
Torquato Obawole scores
Isaiah Brockman to second
Batting: RHB Jordan Arcidez 0-0: Ball
1-0: Foul Ball, location: 2F
1-1: Ball
2-1: Ball
3-1: SINGLE (Groundball, 6MD, EV 106.9 MPH)
Isaiah Brockman to third
Jake Shelton to second
Batting: RHB Bob Raine 0-0: Called Strike
0-1: Ball
1-1: Called Strike
1-2: Ball
2-2: Foul Ball, location: 2F
2-2: Foul Ball, location: 2F
2-2: Ball
3-2: Strikes out swinging
Batting: RHB Masumitsu Sugiura 0-0: Called Strike
0-1: Called Strike
0-2: Ball
1-2: Ball
2-2: SINGLE (Groundball, 56, EV 107.5 MPH) (infield hit)
Isaiah Brockman scores
Jake Shelton to third
Jordan Arcidez to second
Batting: RHB Wei-guo Tsu 0-0: Ball
1-0: Ball
2-0: GRAND SLAM HOME RUN (Flyball, 7D, EV 98.1 MPH), Distance : 366 ft
Pitching: RHP Jon Baily
Batting: LHB Juan Zuniga 0-0: Ball
1-0: SINGLE (Line Drive, 8LM, EV 96.9 MPH)
Batting: RHB Tom Thompson 0-0: Ball
1-0: Ground out 6-3 (Groundball, 6MS, EV 69.4 MPH)
Juan Zuniga to second
Batting: RHB Torquato Obawole 0-0: Called Strike
0-1: SINGLE (Groundball, 6S, EV 66.2 MPH) (infield hit)
Juan Zuniga to third
Batting: RHB Isaiah Brockman 0-0: Ball
1-0: Ball
2-0: Fielders Choice at 2nd, 5-4 (Groundball, 56, EV 94.4 MPH)
Bottom of the 3rd over - 6 runs, 6 hits, 1 error, 2 left on base; Hagerstown 3 - Greensboro 8
TOP OF THE 4TH
Hagerstown Suns batting - Pitching for Greensboro Grasshoppers : RHP Marco Quezada
Batting: RHB Justin Slifka 0-0: Ball
1-0: Ball
2-0: Ball
3-0: Called Strike
3-1: Called Strike
3-2: Fly out, F9 (Flyball, 9LS, EV 92.5 MPH)
Batting: RHB Jon Metzler 0-0: Ball
1-0: Ball
2-0: Foul Ball, location: 2F
2-1: Foul Ball, location: 2F
2-2: Strikes out looking
Batting: RHB Jeff Page 0-0: Ball
1-0: Foul Ball, location: 2F
1-1: Swinging Strike
1-2: Foul Ball, location: 2F
1-2: SINGLE (Line Drive, 8RS, EV 101.9 MPH)
Batting: LHB Rich Hannus 0-0: Ball
Jeff Page steals 2nd base
1-0: Called Strike
1-1: Called Strike
1-2: Ball
2-2: Foul Ball, location: 2F
2-2: DOUBLE (Flyball, 78XD, EV 93.8 MPH)
Jeff Page scores
Batting: RHB Tony Madrigal 0-0: Swinging Strike
0-1: Ball
1-1: Foul Ball, location: 2F
1-2: Strikes out swinging
Top of the 4th over - 1 run, 2 hits, 0 errors, 1 left on base; Hagerstown 4 - Greensboro 8
BOTTOM OF THE 4TH
Greensboro Grasshoppers batting - Pitching for Hagerstown Suns : RHP Jon Baily
Batting: RHB Jake Shelton 0-0: SINGLE (Groundball, 5S, EV 66.2 MPH) (infield hit)
Batting: RHB Jordan Arcidez 0-0: Called Strike
Jake Shelton is caught stealing 2nd base 2-4
0-1: Ball
1-1: Ground out 5-3 (Groundball, 56, EV 90.0 MPH)
Batting: RHB Bob Raine 0-0: Called Strike
0-1: Called Strike
0-2: Fly out, F5 (Line Drive, 5, EV 70.0 MPH)
Bottom of the 4th over - 0 runs, 1 hit, 0 errors, 0 left on base; Hagerstown 4 - Greensboro 8
TOP OF THE 5TH
Hagerstown Suns batting - Pitching for Greensboro Grasshoppers : RHP Marco Quezada
Batting: RHB Bobby Dieter 0-0: Ball
1-0: Ball
2-0: Fly out, F9 (Flyball, 9LM, EV 88.8 MPH)
Batting: RHB Pat Drader 0-0: Ball
1-0: Swinging Strike
1-1: Foul Ball, location: 2F
1-2: Ground out 4-3 (Groundball, 4M, EV 91.2 MPH)
Batting: LHB Ben Montgomery 0-0: Ball
1-0: Ball
2-0: Called Strike
2-1: Foul Ball, location: 2F
2-2: Foul Ball, location: 2F
2-2: Strikes out looking
Top of the 5th over - 0 runs, 0 hits, 0 errors, 0 left on base; Hagerstown 4 - Greensboro 8
BOTTOM OF THE 5TH
Greensboro Grasshoppers batting - Pitching for Hagerstown Suns : RHP Jon Baily
Batting: RHB Masumitsu Sugiura 0-0: Foul Ball, location: 2F
0-1: Called Strike
0-2: Ball
1-2: Fly out, F8 (Flyball, 8RD, EV 106.2 MPH)
Batting: RHB Wei-guo Tsu 0-0: SINGLE (Groundball, 6MD, EV 103.8 MPH)
Batting: LHB Juan Zuniga 0-0: Ball
1-0: Ball
2-0: Foul Ball, location: 2F
2-1: SINGLE (Line Drive, 4M, EV 104.4 MPH)
Wei-guo Tsu to second
Batting: RHB Tom Thompson 0-0: Ball
1-0: Swinging Strike
1-1: Foul Ball, location: 2F
1-2: SINGLE (Groundball, 6MD, EV 105.6 MPH)
Wei-guo Tsu to third
Juan Zuniga to second
Runner from 3rd tries for Home, SAFE, throw by CF to home
Batting: RHB Torquato Obawole 0-0: Called Strike
0-1: Swinging Strike
0-2: Foul Ball, location: 2F
0-2: Ball
1-2: Foul Ball, location: 2F
1-2: Strikes out swinging
Batting: RHB Isaiah Brockman 0-0: Fly out, F7 (Flyball, 78S, EV 91.2 MPH)
Bottom of the 5th over - 1 run, 3 hits, 0 errors, 2 left on base; Hagerstown 4 - Greensboro 9
TOP OF THE 6TH
Hagerstown Suns batting - Pitching for Greensboro Grasshoppers : RHP Marco Quezada
Pitching: LHP Nick Gore
Batting: RHB Kevin Wick 0-0: Called Strike
0-1: Ball
1-1: Ground out 5-3 (Groundball, 5S, EV 66.9 MPH)
Batting: RHB Justin Slifka 0-0: Ball
1-0: SINGLE (Flyball, 56D, EV 85.0 MPH)
Batting: RHB Jon Metzler 0-0: Ball
1-0: Ball
2-0: Fielders Choice at 2nd, 6-4 (Groundball, 6, EV 84.4 MPH)
Batting: RHB Jeff Page 0-0: Ball
Jon Metzler is caught stealing 2nd base 2-4
Top of the 6th over - 0 runs, 1 hit, 0 errors, 0 left on base; Hagerstown 4 - Greensboro 9
BOTTOM OF THE 6TH
Greensboro Grasshoppers batting - Pitching for Hagerstown Suns : RHP Jon Baily
Batting: RHB Jake Shelton 0-0: Ball
1-0: Ball
2-0: Foul Ball, location: 2F
2-1: Swinging Strike
2-2: Strikes out swinging
Pitching: RHP Roy Walker
Batting: RHB Jordan Arcidez 0-0: Called Strike
0-1: DOUBLE (Groundball, 5L, EV 96.2 MPH)
Batting: RHB Bob Raine 0-0: Called Strike
0-1: Ball
1-1: Ball
2-1: Swinging Strike
2-2: Strikes out looking
Batting: RHB Masumitsu Sugiura 0-0: Called Strike
0-1: Ground out 4-3 (Groundball, 4, EV 85.0 MPH)
Bottom of the 6th over - 0 runs, 1 hit, 0 errors, 1 left on base; Hagerstown 4 - Greensboro 9
TOP OF THE 7TH
Hagerstown Suns batting - Pitching for Greensboro Grasshoppers : LHP Nick Gore
Batting: RHB Jeff Page 0-0: Called Strike
0-1: Ground out 5-3 (Groundball, 5, EV 83.8 MPH)
Batting: LHB Rich Hannus 0-0: Called Strike
0-1: Ground out U3 (Groundball, 34, EV 91.2 MPH)
Batting: RHB Tony Madrigal 0-0: Ball
1-0: Swinging Strike
1-1: Called Strike
1-2: Ball
2-2: Foul Ball, location: 2F
2-2: Strikes out swinging
Top of the 7th over - 0 runs, 0 hits, 0 errors, 0 left on base; Hagerstown 4 - Greensboro 9
BOTTOM OF THE 7TH
Greensboro Grasshoppers batting - Pitching for Hagerstown Suns : RHP Roy Walker
Batting: RHB Wei-guo Tsu 0-0: Ball
1-0: Ball
2-0: Called Strike
2-1: Foul Ball, location: 2F
2-2: Foul Ball, location: 2F
2-2: Foul Ball, location: 2F
2-2: Ball
3-2: Strikes out swinging
Batting: LHB Juan Zuniga 0-0: Ground out 4-3 (Groundball, 4M, EV 86.9 MPH)
Batting: RHB Tom Thompson 0-0: Ball
1-0: Foul Ball, location: 2F
1-1: Ball
2-1: Ball
3-1: Called Strike
3-2: Ground out 5-3 (Groundball, 56, EV 81.2 MPH)
Bottom of the 7th over - 0 runs, 0 hits, 0 errors, 0 left on base; Hagerstown 4 - Greensboro 9
TOP OF THE 8TH
Hagerstown Suns batting - Pitching for Greensboro Grasshoppers : LHP Nick Gore
Batting: RHB Bobby Dieter 0-0: Ball
1-0: Ball
2-0: Ball
3-0: Called Strike
3-1: Base on Balls
Pitching: LHP Matt Payne
Batting: RHB Pat Drader 0-0: Ball
1-0: Ball
2-0: Ball
3-0: Base on Balls
Bobby Dieter to second
Batting: LHB Ben Montgomery 0-0: Foul Ball, location: 2F
0-1: Called Strike
0-2: Ball
1-2: Ball
2-2: Strikes out swinging
Batting: RHB Kevin Wick 0-0: Ball
1-0: Foul Ball, location: 2F
1-1: Foul Ball, location: 2F
1-2: Ball
2-2: Strikes out looking
Batting: RHB Justin Slifka 0-0: Called Strike
0-1: Foul Ball, location: 2F
0-2: Ball
1-2: Ball
2-2: Ball
3-2: Strikes out swinging
Top of the 8th over - 0 runs, 0 hits, 0 errors, 2 left on base; Hagerstown 4 - Greensboro 9
BOTTOM OF THE 8TH
Greensboro Grasshoppers batting - Pitching for Hagerstown Suns : RHP Roy Walker
Batting: RHB Torquato Obawole 0-0: Called Strike
0-1: Ground out 3-1 (Groundball, 34S, EV 86.2 MPH)
Batting: RHB Isaiah Brockman 0-0: Ball
1-0: Ball
2-0: Called Strike
2-1: Ground out 4-3 (Groundball, 4, EV 86.9 MPH)
Batting: RHB Jake Shelton 0-0: Ball
1-0: Ground out 6-3 (Groundball, 6, EV 80.0 MPH)
Bottom of the 8th over - 0 runs, 0 hits, 0 errors, 0 left on base; Hagerstown 4 - Greensboro 9
TOP OF THE 9TH
Hagerstown Suns batting - Pitching for Greensboro Grasshoppers : LHP Matt Payne
Batting: RHB Jon Metzler 0-0: Foul Ball, location: 2F
0-1: DOUBLE (Line Drive, 7LS, EV 106.9 MPH)
Batting: RHB Jeff Page 0-0: Ball
1-0: Called Strike
1-1: SINGLE (Groundball, 56S, EV 98.8 MPH)
Jon Metzler to third
Batting: LHB Rich Hannus 0-0: Ball
1-0: Ball
2-0: Called Strike
2-1: DOUBLE (Line Drive, 89M, EV 91.9 MPH)
Jon Metzler scores
Jeff Page to third
Batting: RHB Tony Madrigal 0-0: Ball
1-0: Ground out 4-3 (Groundball, 34D, EV 104.4 MPH)
Jeff Page scores
Rich Hannus to third
Batting: RHB Bobby Dieter 0-0: Swinging Strike
0-1: Swinging Strike
0-2: Foul Ball, location: 2F
0-2: Strikes out swinging
Batting: RHB Pat Drader 0-0: Ball
1-0: Called Strike
1-1: Ground out 1-3 (Groundball, 13, EV 76.2 MPH)
Top of the 9th over - 2 runs, 3 hits, 0 errors, 1 left on base; Hagerstown 6 - Greensboro 9
Thursday, March 31st , 2022 - OOTP Baseball 22.12 Build 89